 Dungeon Crawl Stone Soup version 0.31-a0-95-g6fa058ef04 (webtiles) character file.

Game seed: 12565118036079954475

631 NateTC the Magician (level 7, -1/45 HPs)
             Began as a Djinni Fire Elementalist on May 26, 2023.
             Slain by Edmund
             ... wielding a +3 flail of holy wrath
              (6 damage)
             ... on level 4 of the Dungeon.
             The game lasted 00:08:21 (3348 turns).

NateTC the Magician (Djinni Fire Elementalist)      Turns: 3348, Time: 00:08:22

Health: -1/45      AC:  4    Str:  7    XL:     7   Next: 78%
Gold:   137        EV: 17    Int: 18    God:
                   SH:  0    Dex: 14

rFire   + + .        h - +5 arbalest of True Grit {drain, Will+}
rCold   x . .        (shield currently unavailable)
rNeg    . . .        a - +1 robe
rPois   ∞            f - +0 helmet
rElec   .            (no cloak)
rCorr   .            (no gloves)
SInv    .            (boots unavailable)
Will    +....        (no amulet)
Stlth   ++           d - +5 ring of evasion
HPRegen 0.27/turn    (no ring)
MPRegen 0.00/turn

%: infuse magic (-2 HP)
@: about to teleport, flying
A: sickness immunity, fire resistance 2, cold vulnerability 1, float, innate
caster, HP casting, extra vitality 1
a: no special abilities


You were on level 4 of the Dungeon.
You visited 1 branch of the dungeon, and saw 4 of its levels.

You collected 137 gold pieces.

Inventory:

Hand Weapons
 h - the +5 arbalest of True Grit (weapon) {drain, Will+}
   (You found it on level 4 of the Dungeon)

   Will:      It increases your willpower.
Armour
 a - a +1 robe (worn)
 f - a +0 helmet (worn)
Jewellery
 d - a +5 ring of evasion (left hand)
 p - a ring of ice
Wands
 k - a wand of polymorph (8)
Scrolls
 c - 2 scrolls of immolation
 e - 3 scrolls of magic mapping
 m - a scroll of teleportation
 o - a scroll of identify
Potions
 b - a potion of enlightenment
 g - 2 potions of brilliance
 i - a potion of lignification
 j - a potion of might {unknown}
 l - a potion of curing {unknown}
 n - a potion of resistance {unknown}


   Skills:
 - Level 2.1 Dodging
 - Level 1.5 Stealth
 + Level 6.6 Spellcasting
 + Level 6.6 Conjurations
 + Level 6.6 Hexes
 + Level 6.6 Summonings
 + Level 6.6 Necromancy
 + Level 6.6 Translocations
 + Level 6.6 Transmutations
 + Level 6.6 Fire Magic
 + Level 6.6 Ice Magic
 + Level 6.6 Air Magic
 + Level 6.6 Earth Magic
 + Level 6.6 Poison Magic


You knew the following spells:

 Your Spells              Type           Power      Damage    Failure   Level
a - Foxfire               Conj/Fire      100%       2x1d9     1%          1
b - Scorch                Fire           58%        2d7       1%          2
c - Volatile Blastmotes   Fire/Tloc      52%        2d14      3%          3
d - Inner Flame           Hex/Fire       26%        N/A       3%          3
e - Flame Wave            Conj/Fire      26%        2d8       11%         4
f - Shock                 Conj/Air       100%       1d9       1%          1
g - Blink                 Tloc           58%        N/A       1%          2
h - Ignite Poison         Fire/Tmut/Pois 25%        N/A       3%          3
Your spell library was empty.

Dungeon Overview and Level Annotations

Branches:
Dungeon (4/15) Zot: 20653
 Temple: D:4-7

Altars:

Shops:
D:3 *

Annotations:
D:4 Edmund


Innate Abilities, Weirdness & Mutations

You are immune to sickness and miasma.
You are immune to poison.
Your flesh is very heat resistant. (rF++)
You are vulnerable to cold. (rC-)
You float through the air rather than walking.
You learn spells naturally, not from books.
Your magical power is your life essence.
You have superior vitality. (+4 MHP)


Message History

Your foxfire dissipates!
The foxfire hits Edmund.
Edmund resists.
Edmund is lightly wounded.
You conjure some foxfire!
There is not enough space to conjure foxfire!
There is not enough space to conjure foxfire!
Your foxfire dissipates!
The foxfire hits Edmund.
Edmund resists.
Edmund is lightly wounded.
The foxfire hits Edmund but does no damage.
Edmund is lightly wounded.
The foxfire hits Edmund but does no damage.
Edmund is lightly wounded.
Casting: Foxfire (safe; 1% risk of failure)
Confirm with . or Enter, or press ? or * to list all spells.
Flames lash Edmund but do no damage.
Casting: Scorch (safe; 1% risk of failure)
Confirm with . or Enter, or press ? or * to list all spells.
Flames lash Edmund.
Edmund resists.
Edmund is lightly wounded.
Edmund's fire resistance burns away.
Edmund hits you with a +3 flail of holy wrath.
Casting: Scorch (safe; 1% risk of failure)
Confirm with . or Enter, or press ? or * to list all spells.
Flames lash Edmund.
Edmund is lightly wounded.
Edmund hits you with a +3 flail of holy wrath!
Casting: Scorch (safe; 1% risk of failure)
Confirm with . or Enter, or press ? or * to list all spells.
Flames lash Edmund.
Edmund is lightly wounded.
Edmund completely misses you.
Okay, then.
As you read the scroll of teleportation, it crumbles to dust.
You feel strangely unstable.
Edmund hits you with a +3 flail of holy wrath!
* * * LOW HITPOINT WARNING * * *
Edmund attacks as you move away!
Edmund hits you with a +3 flail of holy wrath.
You die...

#.......[...........
#.......#.......##..
#.......#...........
####.##...##........
##.####..#........
#..# ##..........
#.## ###........ #.#
#........ #@##
##..##### #@.#####
#......# #.####...#
#.# .# #.# #?# #.#
#.#


You could see Edmund (combustible).

Vanquished Creatures
  Grinder (D:3)
  Sigmund (D:3)
  Terence (D:2)
  Natasha (D:4)
  2 orc wizards (D:3)
  Robin (D:4)
  2 adders
  3 gnolls (D:2)
  2 worms
  2 dart slugs
  5 orcs
  3 ball pythons
  5 bats
  7 endoplasms
  2 giant cockroaches (D:2)
  15 hobgoblins
  9 jackals
  A quokka (D:1)
  3 frilled lizards
  23 goblins
  4 kobolds
  3 rats
96 creatures vanquished.

Vanquished Creatures (collateral kills)
  7 foxfires (D:2)
7 creatures vanquished.

Vanquished Creatures (others)
  433 foxfires
433 creatures vanquished.

Grand Total: 536 creatures vanquished

Notes
Turn   | Place    | Note
-------+----------+-------------------------------------------
     0 | D:1      | NateTC the Djinni Fire Elementalist began the quest for the
                  | Orb.
     0 | D:1      | NateTC set off with the following spells memorised:
                  | Foxfire, Scorch, Volatile Blastmotes, Inner Flame, Flame
                  | Wave.
     0 | D:1      | Reached XP level 1. HP: 15/15 MP: 0/0
   109 | D:1      | Reached XP level 2. HP: 4/21 MP: 0/0
   544 | D:1      | Reached XP level 3. HP: 25/25 MP: 0/0
   544 | D:1      | Learned a level 1 spell: Shock
  1244 | D:2      | Reached XP level 4. HP: 11/31 MP: 0/0
  1348 | D:2      | Identified the +3 pair of boots of Ignis's Pride {Contam
                  | rPois rC+++ rN+}
  1501 | D:2      | Noticed Terence
  1566 | D:2      | Killed Terence
  1567 | D:2      | Reached XP level 5. HP: 28/35 MP: 0/0
  1567 | D:2      | Learned a level 2 spell: Blink
  2135 | D:3      | Reached skill level 5 in Spellcasting
  2135 | D:3      | Reached skill level 5 in Conjurations
  2135 | D:3      | Reached skill level 5 in Hexes
  2135 | D:3      | Reached skill level 5 in Summonings
  2135 | D:3      | Reached skill level 5 in Necromancy
  2135 | D:3      | Reached skill level 5 in Translocations
  2135 | D:3      | Reached skill level 5 in Transmutations
  2135 | D:3      | Reached skill level 5 in Fire Magic
  2135 | D:3      | Reached skill level 5 in Ice Magic
  2135 | D:3      | Reached skill level 5 in Air Magic
  2135 | D:3      | Reached skill level 5 in Earth Magic
  2135 | D:3      | Reached skill level 5 in Poison Magic
  2208 | D:3      | Reached XP level 6. HP: 37/40 MP: 0/0
  2375 | D:3      | Found Dueqiaf's General Store.
  2395 | D:3      | Noticed Sigmund
  2415 | D:3      | Killed Sigmund
  2482 | D:3      | Noticed Grinder
  2501 | D:3      | HP: 2/40 [Grinder/nerve-wracking pain (11)]
  2510 | D:3      | Killed Grinder
  2511 | D:3      | Reached XP level 7. HP: 30/45 MP: 0/0
  2511 | D:3      | Learned a level 3 spell: Ignite Poison
  3077 | D:4      | Noticed Robin
  3182 | D:4      | Killed Robin
  3281 | D:4      | Identified the +5 arbalest of True Grit {drain, Will+}
  3293 | D:4      | Noticed Natasha
  3298 | D:4      | Killed Natasha
  3332 | D:4      | Noticed Edmund
  3348 | D:4      | Slain by Edmund

Illustrated notes

Levels and vault maps discovered:
D:1:      scummos_arrival_hexagon, layout_loops_ring, hex_tiny
D:2:      kennysheep_the_goblin_king, layout_rooms, hangedman_decor_push,
          guppyfry_early_lair_pool, uniq_terence
D:3:      layout_loops_ring, serial_shops, nicolae_shop_tiny_statue_garden,
          uniq_sigmund, uniq_grinder
D:4:      layout_rooms, nicolae_qazlal_eye_of_the_storm, uniq_robin,
          uniq_blork_the_orc, uniq_eustachio, uniq_natasha, uniq_menkaure,
          uniq_edmund

Skill      XL: |  1  2  3  4  5  6 |
---------------+-------------------+-----
Spellcasting   | 4 5 6 |  6.6
Conjurations   | 4 5 6 |  6.6
Hexes          | 4 5 6 |  6.6
Summonings     | 4 5 6 |  6.6
Necromancy     | 4 5 6 |  6.6
Translocations | 4 5 6 |  6.6
Transmutations | 4 5 6 |  6.6
Fire Magic     | 4 5 6 |  6.6
Ice Magic      | 4 5 6 |  6.6
Air Magic      | 4 5 6 |  6.6
Earth Magic    | 4 5 6 |  6.6
Poison Magic   | 4 5 6 |  6.6
Dodging        | |  2.1
Stealth        | |  1.5

Action                     |  1- 3 |  4- 6 |  7- 9 || total
---------------------------+-------+-------+-------++-------
  Melee: Unarmed           |       |     2 |       ||     2
   Fire: Arbalest          |       |       |     6 ||     6
   Cast: Foxfire           |   117 |   134 |    47 ||   298
         Scorch            |       |     7 |     6 ||    13
         Flame Wave        |       |       |     2 ||     2
    Use: Scroll            |     2 |     4 |     4 ||    10
         Potion            |       |     1 |       ||     1
 Armour: Robe              |     2 |       |     6 ||     8
         Skin              |       |     1 |       ||     1
  Dodge: Dodged            |    19 |     5 |    49 ||    73

Table legend: (Time is in decaauts)
 A = Elapsed time spent in this place.
 B = Non-inter-level travel time spent in this place.
 C = Inter-level travel time spent in this place.
 D = Time resting spent in this place.
 E = Time spent auto-exploring this place.
 F = Levels seen in this place.
 G = Mean time per level.
                   A        B        C        D        E       F      G
               +--------+--------+--------+--------+--------+-----+--------+
         Total |   3346 |   3290 |     56 |    663 |   1941 |   4 |  836.5 |
       Dungeon |   3346 |   3290 |     56 |    663 |   1941 |   4 |  836.5 |
               +--------+--------+--------+--------+--------+-----+--------+

Top non-repeatable levels by time:
     D:3: 1180 daAuts
     D:1: 1012 daAuts
     D:2: 963 daAuts
     D:4: 189 daAuts
